 Dungeon Crawl Stone Soup version 0.28-a0-1412-gf95308ed99 (webtiles) character file.

Game seed: 1558151435935735145

48746 oldriver the Geomancer (level 13, -12/174 HPs)
             Began as a Demigod Earth Elementalist on Jan 7, 2022.
             Mangled by a shadow wraith (19 damage)
             ... on level 13 of the Dungeon.
             The game lasted 00:39:15 (26067 turns).

oldriver the Geomancer (DgEE)                      Turns: 26067, Time: 00:39:15

Health: -12/174    AC: 14    Str: 13    XL:     13   Next: 77%
Magic:  30/32      EV: 13    Int: 33    God:
Gold:   86         SH:  5    Dex: 14    Spells: 17/33 levels left

rFire   + + .      SeeInvis .   H - +3 spear of Uduxzyes {vamp, +Blink rC- Will+ Stlth+}
rCold   + . .      Faith    .   r - +0 buckler
rNeg    . . .      Spirit   .   R - +2 robe {rC+ rF+}
rPois   +          Reflect  .   Q - +2 helmet
rElec   .          Harm     .   k - scarf {shadows}
rCorr   .          Rampage  .   h - +0 pair of gloves
Will    ++++.                   g - +0 pair of boots
Stlth   ..........              F - amulet of Seyx {RegenMP rPois Will+}
HPRegen 0.39/turn               M - ring "Cuubodgh" {rF+ rC+ Will+ Str+4}
MPRegen 0.63/turn               e - +4 ring of protection

@: berserking, very quick
A: high mp 1, forlorn, divine attributes
a: Evoke Blink


You were on level 13 of the Dungeon.
You visited 2 branches of the dungeon, and saw 17 of its levels.

You collected 1098 gold pieces.
You spent 1012 gold pieces at shops.

Inventory:

Hand Weapons
 H - the +3 spear of Uduxzyes (weapon) {vamp, +Blink rC- Will+ Stlth+}
   (You took it off an orc on level 8 of the Dungeon)

   It occasionally heals its wielder for a portion of the damage dealt when it
   wounds a living foe.
   rC:        It makes you vulnerable to cold.
   +Blink:    It lets you blink.
   Will:      It increases your willpower.
   Stlth:     It makes you more stealthy.
Missiles
 c - 401 stones
 y - 4 throwing nets
Armour
 g - a +0 pair of boots (worn)
 h - a +0 pair of gloves (worn)
 k - a scarf of shadows (worn)
 r - a +0 buckler (worn)
 Q - a +2 helmet (worn)
 R - a +2 robe of resistance (worn)
Jewellery
 e - a +4 ring of protection (right hand)
 i - a ring of protection from fire
 o - an amulet of reflection
 q - a ring of resist corrosion
 v - a +4 ring of evasion
 F - the amulet of Seyx (around neck) {RegenMP rPois Will+}
   (You bought it in a shop on level 5 of the Dungeon)

   [amulet of magic regeneration]

   It increases your rate of magic regeneration.
   rPois:     It protects you from poison.
   Will:      It increases your willpower.
 G - the amulet of Ephemeral Luck {RegenMP rC+ Str+4 Int+2}
   (You found it on level 9 of the Dungeon)

   [amulet of magic regeneration]

   It increases your rate of magic regeneration.
   Str:       It affects your strength (+4).
   Int:       It affects your intelligence (+2).
   rC:        It protects you from cold.
 M - the ring "Cuubodgh" (left hand) {rF+ rC+ Will+ Str+4}
   (You bought it in a shop on level 5 of the Dungeon)

   [ring of willpower]

   Str:       It affects your strength (+4).
   rF:        It protects you from fire.
   rC:        It protects you from cold.
   Will:      It increases your willpower.
 P - a ring of see invisible
Wands
 p - a wand of iceblast (14)
 s - a wand of acid (4)
 u - a wand of flame (38)
 z - a wand of polymorph (2)
 I - a wand of digging (5)
 J - a wand of mindburst (7)
Scrolls
 a - 5 scrolls of noise
 l - a scroll of silence
 n - 7 scrolls of enchant armour
 A - 7 scrolls of identify
 K - 3 scrolls of enchant weapon
 N - 3 scrolls of teleportation
 O - 2 scrolls of fear
 S - 2 scrolls of amnesia {unknown}
Potions
 b - a potion of cancellation
 d - a potion of magic {unknown}
 j - a potion of haste
 m - 4 potions of degeneration
 t - 6 potions of mutation
 w - 4 potions of attraction
 x - 2 potions of might
 C - 4 potions of flight
 D - a potion of brilliance
 E - a potion of resistance


   Skills:
 + Level 11.1 Fighting
 - Level 5.0 Armour
 - Level 4.0 Dodging
 - Level 4.2 Stealth
 + Level 4.8 Shields
 + Level 10.8 Spellcasting
 - Level 5.0 Conjurations
 - Level 3.6 Transmutations
 - Level 5.0 Air Magic
 + Level 12.0 Earth Magic
 + Level 0.2 Evocations


You had 17 spell levels left.
You knew the following spells:

 Your Spells              Type           Power      Damage    Failure   Level
a - Sandblast             Erth           100%       2d20      1%          1
b - Passwall              Tmut/Erth      51%        N/A       1%          2
c - Stone Arrow           Conj/Erth      100%       3d13      1%          3
d - Poisonous Vapours     Pois/Air       68%        N/A       1%          2
e - Swiftness             Air            50%        N/A       1%          3
f - Lightning Bolt        Conj/Air       25%        1d41      12%         5

Your spell library contained the following spells:

 Spells                   Type           Power      Damage    Failure   Level
 Corpse Rot               Necr/Air       68%        N/A       1%          2
 Static Discharge         Conj/Air       50%        N/A       1%          2
 Petrify                  Tmut/Erth      62%        N/A       1%          4
 Animate Skeleton         Necr           34%        N/A       3%          1
 Apportation              Tloc           34%        N/A       3%          1
 Summon Small Mammal      Summ           68%        N/A       3%          1
 Conjure Flame            Conj/Fire      34%        6-21      3%          3
 Ignite Poison            Fire/Tmut/Pois 25%        N/A       6%          3
 Sticky Flame             Conj/Fire      34%        2d5       12%         4
 Iskenderun's Battlesphe  Conj           50%        2d10      12%         5
 Irradiate                Conj/Tmut      23%        3d21      16%         5
 Blade Hands              Tmut           20%        N/A       22%         5
 Olgreb's Toxic Radiance  Pois           17%        N/A       32%         4
 Fireball                 Conj/Fire      17%        3d9       32%         5
 Conjure Ball Lightning   Conj/Air       25%        3x3d7     54%         6
 Orb of Destruction       Conj           25%        9d10      98%         7
 Dispersal                Tloc           8%         N/A       99%         6
 Dragon Form              Tmut           20%        N/A       100%        7
 Ozocubu's Refrigeration  Ice            8%         4d6       100%        7
 Disjunction              Tloc           8%         N/A       100%        8
 Ignition                 Fire           8%         3d5       100%        8
 Maxwell's Capacitive Co  Air            25%        ∞         100%        8


Dungeon Overview and Level Annotations

Branches:
Dungeon (13/15)            Temple (0/1) D:5            Lair (4/6) D:9
  Snake (0/4) Lair:3       Spider (0/4) Lair:4
    Orc: D:9-12      Vaults: D:13-14

Shops:
D:2 ?   D:5 =   D:7 *

Annotations:
D:9 3 runed translucent doors, DrKleor's ghost, novice DsFi; Urgle's ghost, novice GnFi; croobank's ghost, novice DsAK
D:10 1 transporter
Lair:4 exclusion: 2 oklob plants


Innate Abilities, Weirdness & Mutations

You have an increased reservoir of magic. (+10% MP)
You shall have no god before yourself.
Your divine heritage dramatically boosts your attributes as you level up.


Message History

Aiming: Stone Arrow (safe; 1% risk of failure)
Press: ? - help, Shift-Dir - straight line, f/p - water elemental
Aim: a water elemental (almost destroyed, 87% to hit)
The stone arrow hits the water elemental!!
You destroy the water elemental!
Something hits you but does no damage. Something hits you.
* * * LOW HITPOINT WARNING * * *
Something drains your vigour!
You feel as though you will be slow longer.
You feel better. Something hits you.
* * * LOW HITPOINT WARNING * * *
Unknown command.
You feel better. Something hits you.
* * * LOW HITPOINT WARNING * * *
Something hits you but does no damage.
You barely miss something. Something hits you!
* * * LOW HITPOINT WARNING * * *
Casting: Stone Arrow (safe; 1% risk of failure)
Confirm with . or Enter, or press ? or * to list all spells.
Aiming: Stone Arrow (safe; 1% risk of failure)
Press: ? - help, Shift-Dir - straight line The stone arrow hits something!!
Something hits you but does no damage. Something completely misses you.
Casting: Stone Arrow (safe; 1% risk of failure)
Confirm with . or Enter, or press ? or * to list all spells.
Aiming: Stone Arrow (safe; 1% risk of failure)
Press: ? - help, Shift-Dir - straight line Something hits you but does no damage.
Casting: Stone Arrow (safe; 1% risk of failure)
Confirm with . or Enter, or press ? or * to list all spells.
Okay, then.
It was a potion of cancellation.
Your magical effects are unravelling.
You feel magically purged.
You feel yourself speed up.
Something hits you but does no damage. x2
It was a potion of berserk rage.
A red film seems to cover your vision as you go berserk!
You feel yourself moving faster!
You feel mighty! Something hits you!!
You die...

##.#######.............##.#
#......................##.#
#..#######.########.#..##.≈
#####<.#######.########.#..##.≈
...............................
.####..#######.######.#........
#.####......###.# #.###..#...
................# # #...)....
#.###..####.##.@# #.#..#...
.............#.{# #.....[..#...
..............[.# #....###.##.#
.............≈≈.# #.... #.....
#..####.###≈..≈≈.........
..##..
#..####.##≈≈..≈≈..#≈###.#
#.##.# ......#.#≈≈≈..≈≈..≈ ≈##u
#.##.# .......<.....≈≈..≈≈ ≈#
#.##.# #.#....##≈≈..≈≈..≈≈≈ ≈
#.##.#


There were no monsters in sight!

Vanquished Creatures
  Gastronok (D:12)
  Snorg (Lair:3)
  5 hydras
  2 boulder beetles
  Harold (D:9)
  A catoblepas (Lair:3)
  A centaur warrior (D:13)
  9 two-headed ogres
  9 death yaks
  A vampire mage (D:12)
  Nergalle (D:11)
  Sonja (D:11)
  2 wizards
  2 manticores
  An ugly thing (D:11)
  3 elephants (Lair:4)
  A cyclops (D:12)
  6 black mambas
  3 gargoyles
  A torpor snail (Lair:3)
  9 cane toads
  3 rime drakes
  An unseen horror (shapeshifter) (D:13)
  8 komodo dragons
  A troll (D:12)
  A polar bear (Lair:4)
  2 hornets (D:8)
  7 slime creatures
  A raiju (shapeshifter) (D:13)
  A shadow (D:11)
  A water elemental (D:13)
  A culicivora (shapeshifter) (D:13)
  3 wraiths
  A yak (shapeshifter) (D:13)
  A vampire (D:12)
  4 basilisks
  2 wyverns
  24 yaks
  A steam dragon (D:8)
  8 vampire mosquitoes
  12 water moccasins
  3 acid dragons
  4 orc warriors
  2 sky beasts
  4 black bears
  2 ogres
  An ice beast (D:5)
  A necrophage (D:6)
  7 centaurs
  5 phantoms
  3 kobold brigands
  11 bullfrogs
  A wyvern zombie (D:8)
  5 scorpions
  2 gnoll sergeants
  12 killer bees
  10 wights
  6 howler monkeys
  2 lava snakes (Lair:1)
  6 centaur zombies
  2 jellies
  A hound (D:2)
  7 orc priests
  A gnoll shaman (D:9)
  An iron imp (D:9)
  A centaur skeleton (D:5)
  A scorpion zombie (D:3)
  A bullfrog skeleton (D:5)
  4 iguanas
  8 orc wizards
  A hound skeleton (D:4)
  Robin (D:2)
  8 adders
  3 gnolls (D:5)
  An ufetubus (D:5)
  An adder zombie (D:5)
  2 worms (D:2)
  3 dart slugs (D:1)
  27 orcs
  7 ball pythons
  5 endoplasms (D:1)
  7 giant cockroaches
  13 goblins
  5 hobgoblins
  2 jackals (D:1)
  6 quokkas
  3 bats
  A frilled lizard (D:1)
  18 kobolds
  8 rats
380 creatures vanquished.

Vanquished Creatures (others)
  A butterfly (D:11)
  49 fungi
  52 plants
  4 withered plants (D:9)
106 creatures vanquished.

Grand Total: 486 creatures vanquished

Notes
Turn   | Place    | Note
-------+----------+-------------------------------------------
     0 | D:1      | oldriver the Demigod Earth Elementalist began the quest for
                  | the Orb.
     0 | D:1      | Reached XP level 1. HP: 14/14 MP: 5/5
    45 | D:1      | Reached skill level 1 in Transmutations
   283 | D:1      | Reached XP level 2. HP: 20/20 MP: 2/7
   935 | D:1      | Reached skill level 3 in Earth Magic
   935 | D:1      | Reached XP level 3. HP: 26/26 MP: 5/8
  1492 | D:2      | Noticed Robin
  1669 | D:2      | Killed Robin
  1864 | D:2      | Reached XP level 4. HP: 27/33 MP: 5/10
  2392 | D:2      | Found Nuozoob's Magic Scroll Shoppe.
  2750 | D:3      | You fall into a shaft and drop 3 floors!
  2773 | D:5      | Entered Level 5 of the Dungeon
  2791 | D:5      | Found a staircase to the Ecumenical Temple.
  2822 | D:5      | Learned a level 2 spell: Passwall
  2826 | D:5      | Learned a level 3 spell: Stone Arrow
  2840 | D:5      | Reached XP level 5. HP: 38/38 MP: 3/11
  3105 | D:5      | Reached XP level 6. HP: 27/45 MP: 5/13
  3253 | D:5      | Reached skill level 4 in Earth Magic
  3421 | D:5      | Noticed a water moccasin
  3430 | D:5      | Killed a water moccasin
  3431 | D:5      | Reached XP level 7. HP: 19/50 MP: 9/15
  5591 | D:5      | Reached skill level 1 in Conjurations
  5903 | D:5      | Found Lyulliu's Jewellery Emporium.
  6107 | D:5      | Reached skill level 1 in Fighting
  6371 | D:5      | Reached XP level 8. HP: 59/59 MP: 10/17
  6497 | D:5      | Reached skill level 5 in Earth Magic
  7785 | D:7      | Reached skill level 5 in Spellcasting
  8130 | D:7      | Reached XP level 9. HP: 70/70 MP: 10/20
  8192 | D:7      | Reached skill level 6 in Earth Magic
  9068 | D:7      | Found Niwnanib's Gadget Gallery.
  9934 | D:8      | Identified the +3 spear of Uduxzyes {vamp, +Blink rC- Will+
                  | Stlth+}
 10300 | D:8      | Reached skill level 5 in Conjurations
 10403 | D:8      | Reached skill level 5 in Fighting
 10824 | D:8      | Noticed a two-headed ogre
 10847 | D:8      | Killed a two-headed ogre
 10848 | D:8      | Reached skill level 7 in Earth Magic
 11188 | D:9      | Reached XP level 10. HP: 81/81 MP: 19/23
 11479 | D:9      | Found a staircase to the Lair.
 11498 | D:9      | Noticed Harold
 11518 | D:9      | Noticed a manticore
 11523 | Lair:1   | Entered Level 1 of the Lair of Beasts
 11854 | Lair:1   | Learned a level 2 spell: Poisonous Vapours
 12101 | Lair:1   | Reached skill level 8 in Earth Magic
 12166 | Lair:1   | Noticed a seven-headed hydra
 12182 | Lair:1   | Killed a seven-headed hydra
 12880 | Lair:2   | Noticed a black mamba
 12890 | Lair:2   | Killed a black mamba
 13368 | Lair:2   | Noticed a black mamba
 13370 | Lair:2   | Killed a black mamba
 13405 | Lair:2   | Noticed a seven-headed hydra
 13410 | Lair:2   | Killed a seven-headed hydra
 13411 | Lair:2   | Reached XP level 11. HP: 92/92 MP: 16/27
 13485 | Lair:2   | Reached skill level 9 in Earth Magic
 13680 | D:5      | Bought the amulet of Seyx {RegenMP rPois Will+} for 468
                  | gold pieces
 14391 | Lair:2   | Noticed a death yak
 14396 | Lair:2   | Killed a death yak
 14414 | Lair:2   | Noticed a death yak
 14415 | Lair:2   | Noticed a death yak
 14417 | Lair:2   | Noticed a death yak
 14430 | Lair:2   | Killed a death yak
 15366 | Lair:3   | Found a staircase to the Snake Pit.
 15393 | Lair:3   | Reached skill level 10 in Earth Magic
 15574 | Lair:3   | Noticed a four-headed hydra
 15578 | Lair:3   | Killed a four-headed hydra
 15593 | Lair:3   | Noticed a boulder beetle
 15603 | Lair:3   | Killed a boulder beetle
 15845 | Lair:3   | Noticed a catoblepas
 15986 | D:10     | Entered Level 10 of the Dungeon
 16146 | D:9      | Noticed a wizard
 16146 | D:9      | Noticed a two-headed ogre
 16149 | D:9      | Killed a two-headed ogre
 16150 | D:9      | Reached XP level 12. HP: 70/104 MP: 21/29
 16633 | D:8      | Learned a level 3 spell: Swiftness
 16639 | D:8      | Learned a level 5 spell: Lightning Bolt
 16866 | D:9      | Found a runed translucent gate.
 16867 | D:9      | Found a runed translucent gate.
 16868 | D:9      | Found a runed translucent gate.
 16870 | D:9      | Noticed croobank's ghost (novice DsAK)
 16870 | D:9      | Noticed DrKleor's ghost (novice DsFi)
 16870 | D:9      | Noticed Urgle's ghost (novice GnFi)
 16934 | D:9      | Identified the amulet of Ephemeral Luck {RegenMP rC+ Str+4
                  | Int+2}
 17013 | D:9      | Reached skill level 1 in Air Magic
 17527 | D:9      | Killed Harold
 18187 | Lair:2   | Reached skill level 1 in Armour
 18351 | D:10     | Found a transporter.
 18683 | D:11     | Reached skill level 1 in Shields
 18703 | D:11     | Reached skill level 11 in Earth Magic
 18743 | D:11     | Reached skill level 10 in Fighting
 18883 | D:11     | Noticed a four-headed hydra
 18905 | D:11     | Killed a four-headed hydra
 18906 | D:11     | Reached skill level 10 in Spellcasting
 19325 | D:11     | Noticed Sonja
 19329 | D:11     | Killed Sonja
 19992 | D:11     | Noticed Nergalle
 19998 | D:11     | Killed Nergalle
 20230 | D:12     | Noticed a boulder beetle
 20251 | D:12     | Killed a boulder beetle
 20400 | D:12     | Reached XP level 13. HP: 92/114 MP: 8/31
 20734 | D:12     | Noticed Gastronok
 20743 | D:12     | Killed Gastronok
 22790 | Lair:3   | Noticed Snorg
 22798 | Lair:3   | Killed Snorg
 23679 | Lair:4   | Reached skill level 5 in Air Magic
 24630 | Lair:4   | Found a hole to the Spider Nest.
 24696 | Lair:4   | Reached skill level 5 in Armour
 24696 | Lair:4   | Reached skill level 12 in Earth Magic
 25578 | D:5      | Bought the ring "Cuubodgh" {rF+ rC+ Will+ Str+4} for 544
                  | gold pieces
 26063 | D:13     | HP: 3/116 [something (9)]
 26067 | D:13     | Mangled by a shadow wraith

Illustrated notes

Levels and vault maps discovered:
D:1:      lemuel_arrival_muddy, layout_loops_ring,
          hellmonk_ecumenical_altar_defaced_shrine
D:2:      layout_basic, serial_shops, shop, chequers_big_river,
          minmay_shallow_snake_nest, uniq_robin
D:3:      layout_loops_cross
D:4:      layout_loops_ring, nicolae_qazlal_scattered_showers
D:5:      layout_gridville, temple_doors_e, serial_shops, kennysheep_little_box,
          nrook_mini_vaults, grunt_ministairs_10
D:6:      layout_rooms
D:7:      layout_basic, nicolae_shop_gadgets
D:8:      layout_rooms, minmay_bent
D:9:      cheibrodos_barr_body, layout_gridville, zin_statuary, slow_altar_2,
          due_lair_maze_entry_diamond, gammafunk_ghost_cemetery, uniq_harold
D:10:     gammafunk_cloud_chamber, layout_cave_pods, nicolae_ashenzari_skybound,
          hiddenorc2_lemuel, minmay_misc_feat_more_columns
D:11:     layout_basic, nicolae_elyvilon_peaceful_grove, uniq_nergalle,
          uniq_sonja
D:12:     layout_grid_maze, minmay_librarian, uniq_gastronok
D:13:     layout_basic, david_vaults_4
Lair:1:   layout_gridlike, lemuel_fruit_tree, grunt_megastairs_5
Lair:2:   layout_cave_pods, basic_altar, minmay_stone_trees_small,
          serial_bayou_pond_a
Lair:3:   layout_cave_pods, minmay_snake_entry_six_corridors,
          nzn_sisyphean_effort, uniq_snorg
Lair:4:   layout_cave_pods, spider_nest_entry_web_field, dpeg_oklob_1

Skill      XL: |  1  2  3  4  5  6  7  8  9 10 11 12 13 |
---------------+----------------------------------------+-----
Transmutations | 1 2 3 |  3.6
Stealth        | 2 3 4 |  4.2
Dodging        | 2 3 4 |  4.0
Spellcasting   | 2 3 4 5 6 7 9 10 | 10.8
Earth Magic    | 3 4 5 7 8 10 11 12 | 12.0
Conjurations   | 1 3 5 |  5.0
Fighting       | 1 3 5 7 9 10 11 | 11.1
Air Magic      | 3 5 |  5.0
Armour         | 3 5 |  5.0
Shields        | 2 4 |  4.8
Evocations     | |  0.2

Action                   |  1- 3 |  4- 6 |  7- 9 | 10-12 | 13-15 || total
-------------------------+-------+-------+-------+-------+-------++-------
Melee: Unarmed           |     9 |       |       |       |       ||     9
       Short sword       |    28 |    12 |    61 |       |       ||   101
       Punch             |       |       |     1 |       |       ||     1
       Dagger            |       |       |       |    25 |    21 ||    46
       Spear             |       |       |       |       |     9 ||     9
 Cast: Sandblast         |    63 |    57 |    15 |     5 |     2 ||   142
       Stone Arrow       |       |       |   170 |   372 |   234 ||   776
       Poisonous Vapours |       |       |       |    18 |       ||    18
 Abil: Evoke Blink       |       |       |       |       |     1 ||     1
  Use: Potion            |       |     1 |     2 |     1 |     7 ||    11
       Scroll            |       |       |    15 |     7 |     1 ||    23
 Stab: Sleeping          |     1 |     1 |     1 |       |       ||     3
Armor: Robe              |    17 |    17 |    12 |     4 |    14 ||    64
       Skin              |       |       |     3 |       |       ||     3
       Leather armour    |       |       |       |    14 |       ||    14
       Scale mail        |       |       |       |    42 |    45 ||    87
Dodge: Dodged            |    51 |    40 |    71 |   174 |    68 ||   404
Block: Buckler           |       |       |       |    15 |    29 ||    44

Table legend: (Time is in decaauts)
 A = Elapsed time spent in this place.
 B = Non-inter-level travel time spent in this place.
 C = Inter-level travel time spent in this place.
 D = Time resting spent in this place.
 E = Time spent auto-exploring this place.
 F = Levels seen in this place.
 G = Mean time per level.
                   A        B        C        D        E       F      G
               +--------+--------+--------+--------+--------+-----+--------+
         Total |  26138 |  24202 |   1936 |   7464 |  13329 |  17 | 1537.5 |
       Dungeon |  18824 |  17587 |   1237 |   5223 |   9798 |  13 | 1448.0 |
          Lair |   7314 |   6616 |    698 |   2241 |   3531 |   4 | 1828.5 |
               +--------+--------+--------+--------+--------+-----+--------+

Top non-repeatable levels by time:
     D:5: 2368 daAuts
     D:8: 2251 daAuts
     D:7: 2168 daAuts
  Lair:1: 2085 daAuts
  Lair:3: 2082 daAuts
     D:9: 1933 daAuts
    D:12: 1690 daAuts
  Lair:4: 1650 daAuts
    D:11: 1504 daAuts
     D:1: 1500 daAuts
  Lair:2: 1495 daAuts
     D:6: 1154 daAuts
     D:4: 1138 daAuts
     D:2: 1078 daAuts
     D:3: 810 daAuts
